 Dungeon Crawl Stone Soup version 0.29-a0-911-g88e6f02907 (webtiles) character file.

Game seed: 8324535611879726068

193 zeratav the Stinger (level 5, -1/31 HPs)
             Began as an Octopode Venom Mage on July 26, 2022.
             Slain by an iguana (8 damage)
             ... on level 4 of the Dungeon.
             The game lasted 00:04:49 (4090 turns).

zeratav the Stinger (Octopode Venom Mage)           Turns: 4090, Time: 00:04:49

Health: -1/31      AC:  1    Str:  7    XL:     5   Next: 72%
Magic:  2/8        EV: 13    Int: 20    God:
Gold:   196        SH:  0    Dex: 12    Spells: 1/8 levels left

rFire   . . .      SeeInvis .   b - +0 dagger {short}
rCold   + . .      Faith    .   (no shield)
rNeg    . . .      Spirit   .   (helmet restricted)
rPois   .          Reflect  .   (no amulet)
rElec   .          Harm     .   t - ring of protection from cold
rCorr   .          Rampage  .   (no ring)
Will    .....                   (no ring)
Stlth   ++++......              (no ring)
HPRegen 0.10/turn               (no ring)
MPRegen 0.11/turn               (no ring)
                                (no ring)
                                (no ring)

@: no status effects
A: almost no armour, amphibious, 8 rings, camouflage 1, gelatinous body 1,
(nimble swimmer 1), tentacles
a: no special abilities


You were on level 4 of the Dungeon.
You visited 1 branch of the dungeon, and saw 4 of its levels.

You collected 196 gold pieces.


Innate Abilities, Weirdness & Mutations

You cannot wear most types of armour.
You are amphibious.
You can wear up to eight rings at the same time.
Your skin changes colour to match your surroundings (Stealth+).
Your rubbery body absorbs attacks. (AC +1, EV +1)
((You are camouflaged when in or above water. (Stealth+)))
You have tentacles for arms and can constrict up to eight enemies at once.


   Skills:
 - Level 2.0 Dodging
 - Level 5.0 Stealth
 - Level 2.0 Spellcasting
 - Level 1.0 Transmutations
 + Level 6.6 Poison Magic


You had one spell level left.
You knew the following spells:

 Your Spells              Type           Power      Damage    Failure   Level
a - Sting                 Tmut/Pois      68%        1d6       3%          1
b - Poisonous Vapours     Pois/Air       30%        N/A       6%          2
c - Olgreb's Toxic Radia  Pois           28%        N/A       11%         4

Your spell library contained the following spells:

 Spells                   Type           Power      Damage    Failure   Level
 Spider Form              Tmut/Pois      17%        N/A       10%         3
 Ignite Poison            Fire/Tmut/Pois 12%        N/A       17%         3
 Mephitic Cloud           Conj/Pois/Air  10%        N/A       19%         3
 Ensorcelled Hibernation  Hex/Ice        4%         N/A       24%         2
 Gell's Gravitas          Tloc           2%         N/A       43%         3
 Lesser Beckoning         Tloc           2%         N/A       43%         3
 Teleport Other           Tloc           2%         N/A       43%         3
 Anguish                  Hex/Necr       1%         N/A       83%         4
 Freezing Cloud           Conj/Ice/Air   1%         6-21      99%         5

Inventory:

Hand Weapons
 b - a +0 dagger (weapon) {short}
   (You found it on level 1 of the Dungeon)
Magical Staves
 e - a staff of earth {staff}
   (You found it on level 1 of the Dungeon)
Jewellery
 t - a ring of protection from cold (left tentacle)
   (You found it on level 3 of the Dungeon)
Scrolls
 c - 2 scrolls of magic mapping {unknown}
 d - 5 scrolls of identify {unknown}
 f - a scroll of immolation {unknown}
 j - a scroll of butterflies {unknown}
 k - 3 scrolls of amnesia {unknown}
 n - a scroll of teleportation {unknown}
 o - a scroll of enchant weapon {unknown}
 s - a scroll of enchant armour {unknown}
 u - a scroll of vulnerability {unknown}
 x - a scroll of noise {unknown}
 y - a scroll of brand weapon {unknown}
Potions
 a - a potion of magic
 g - a potion of berserk rage {unknown}
 h - a potion of haste {unknown}
 i - 2 potions of brilliance {unknown}
 l - a potion of heal wounds {unknown}
 m - a potion of flight {unknown}
 p - 3 potions of resistance {unknown}
 q - a potion of mutation {unknown}
 r - a potion of attraction {unknown}
 v - a potion of curing {unknown}
 w - 2 potions of cancellation {unknown}

Dungeon Overview and Level Annotations

Branches:
Dungeon (4/15) Zot: 19910
 Temple: D:4-7

Altars:
Nemelex Xobeh

### #.. #.# #.#
#l# #@# #.# #+#
#.# ## #.# #.#
.###.####### #.#
.....[...... #.#
####.###########.#
..#............#.#
#.#..##..........#


You could see an iguana (very poisoned).


Message History

The iguana looks even sicker.
The gnoll looks even sicker.
You kill the ball python!
A kobold comes into view. It is wielding a +0 short sword.
MP[-4]
You lost 4 mp, and now have 4/8 mp.
The gnoll looks even sicker. x3
Your toxic aura wanes.
Casting: Olgreb's Toxic Radiance (extremely dangerous; 14% risk of failure)
Confirm with . or Enter, or press ? or * to list all spells.
The spell is extremely dangerous to miscast (14% risk of failure)!
Continue anyway?
You begin to radiate toxic energy.
The iguana looks even sicker.
The gnoll looks even sicker.
The kobold is poisoned.
The iguana looks as sick as possible!
The gnoll looks even sicker.
You kill the gnoll!
You kill the kobold!
Your Poison Magic skill increases to level 6!
MP[-4]
You lost 4 mp, and now have 0/8 mp.
The iguana looks as sick as possible!
The gnoll looks as sick as possible!
Your toxic aura wanes.
You kill the gnoll!
You feel a bit more experienced.
MP[+1]
Casting: Olgreb's Toxic Radiance (quite dangerous; 11% risk of failure)
Confirm with . or Enter, or press ? or * to list all spells.
Aiming: Sting (safe; 3% risk of failure)
Press: ? - help, Shift-Dir - straight line, f - gnoll
Aim: a gnoll, wielding a +0 spear (almost dead, poisoned, 77% to hit)
The sting hits the gnoll.
The gnoll looks even sicker.
You kill the gnoll!
MP[-1]
You lost 1 mp, and now have 0/8 mp.
An endoplasm is nearby!
You see here a +3 ring mail.
MP[+1]
Casting: Sting (safe; 3% risk of failure)
Confirm with . or Enter, or press ? or * to list all spells.
Aiming: Sting (safe; 3% risk of failure)
Press: ? - help, Shift-Dir - straight line, f - endoplasm
Aim: an endoplasm (98% to hit)
You miscast Sting.
You are very lightly contaminated with residual magic.
Nothing appears to happen.
The endoplasm misses you.
MP[-1]
You lost 1 mp, and now have 0/8 mp.
You hit the endoplasm. You tentacle-slap the endoplasm.
The endoplasm freezes you.
You are frozen.
You resist.
You hit the endoplasm.
You kill the endoplasm!
You see here a +3 ring mail.
You start resting.
Your magical contamination has completely faded away.
MP[+8]
Your mp is fully restored (8).
You now have 196 gold pieces (gained 9).
Things that are here:
a +0 flail {mace}; a gnoll corpse
Things that are here:
a +0 short sword {short}; 4 stones {throwing} You pick up a book of Displacement and begin reading...
You add the spells Lesser Beckoning, Gell's Gravitas and Teleport Other to your library.
An iguana comes into view.
Casting: Sting (safe; 3% risk of failure)
Confirm with . or Enter, or press ? or * to list all spells.
Aiming: Poisonous Vapours (safe; 6% risk of failure)
Press: ? - help, Dir - move target, f - iguana
Aim: an iguana (asleep) Poisonous vapours surround the iguana!
The iguana is poisoned.
The iguana hisses angrily.
MP[-2]
You lost 2 mp, and now have 6/8 mp.
Casting: Poisonous Vapours (safe; 6% risk of failure)
Confirm with . or Enter, or press ? or * to list all spells.
Aiming: Poisonous Vapours (safe; 6% risk of failure)
Press: ? - help, Dir - move target, f/p - iguana
Aim: an iguana (lightly wounded, poisoned) Poisonous vapours surround the iguana!
The iguana looks even sicker.
MP[-2]
You lost 2 mp, and now have 4/8 mp.
The iguana bites you!
HP[-11]
You take 11 damage, and now have 20/31 hp.
MASSIVE DAMAGE!! (PAUSE)
You hit the iguana. You grab the iguana.
You constrict the iguana, but do no damage.
The iguana bites you!
* * * LOW HITPOINT WARNING * * *
HP[-13]
You take 13 damage, and now have 7/31 hp.
MASSIVE DAMAGE!! (PAUSE)
You are too injured to fight recklessly!
Casting: Poisonous Vapours (safe; 6% risk of failure)
Confirm with . or Enter, or press ? or * to list all spells.
Aiming: Poisonous Vapours (safe; 6% risk of failure)
Press: ? - help, Dir - move target, f/p - iguana
Aim: an iguana (moderately wounded, constricted by you, very poisoned) Poisonous vapours surround the iguana!
The iguana looks even sicker.
You constrict the iguana, but do no damage.
The iguana bites you!
You die...

Skill      XL: |  1  2  3  4  5 |
---------------+----------------+-----
Stealth        | 3 4 5 |  5.0
Poison Magic   | 4 5 6 |  6.6
Dodging        | |  2.0
Spellcasting   | |  2.0
Transmutations | |  1.0

Action                   |  1- 3 |  4- 6 || total
-------------------------+-------+-------++-------
Melee: Dagger            |    78 |    73 ||   151
       Tentacles         |    21 |    10 ||    31
       Constrict         |    20 |    17 ||    37
       Punch             |     1 |     3 ||     4
 Cast: Sting             |     3 |    28 ||    31
       Poisonous Vapours |       |     5 ||     5
       Olgreb's Toxic Ra |       |     2 ||     2
 Stab: Sleeping          |    13 |     8 ||    21
Armor: Skin              |     5 |     5 ||    10
Dodge: Dodged            |    46 |    67 ||   113

Levels and vault maps discovered:
D:1:      saegor_arrival_simple_a, layout_loops_ring,
          hellmonk_ecumenical_altar_watching_god
D:2:      layout_loops_ring, serial_undead, serial_undead_d, serial_undead_a,
          serial_undead_c, serial_undead_d, basic_altar, minmay_pentomino_pile
D:3:      layout_rooms
D:4:      layout_basic, serial_shops, shop_coins, pf_guarded_unrand_meek,
          uniq_robin, uniq_blork_the_orc

Notes
Turn   | Place    | Note
-------+----------+-------------------------------------------
     0 | D:1      | zeratav the Octopode Venom Mage began the quest for the
                  | Orb.
     0 | D:1      | Reached XP level 1. HP: 11/11 MP: 3/3
     0 | D:1      | magus.rc [v1.9.6]
    34 | D:1      | Found a faded altar of an unknown god.
    35 | D:1      | Noticed a floating eye
    43 | D:1      | Noticed an eye of devastation
   135 | D:1      | Reached skill level 3 in Stealth
   196 | D:1      | Noticed a great orb of eyes
   219 | D:1      | Noticed an eye of devastation
   226 | D:1      | Reached XP level 2. HP: 17/17 MP: 5/5
   228 | D:1      | Reached skill level 4 in Poison Magic
   581 | D:1      | Reached XP level 3. HP: 14/21 MP: 6/6
   914 | D:1      | Reached skill level 4 in Stealth
  1503 | D:2      | Found a sparkling altar of Nemelex Xobeh.
  1512 | D:2      | Reached XP level 4. HP: 27/27 MP: 7/7
  1517 | D:2      | You add the spells Ignite Poison and Freezing Cloud to your
                  | library.
  1593 | D:2      | Learned a level 2 spell: Poisonous Vapours
  1875 | D:2      | Reached skill level 5 in Poison Magic
  1875 | D:2      | HP: 6/27 [jackal (1)]
  2643 | D:3      | Reached skill level 5 in Stealth
  2730 | D:3      | Identified the +1 robe "Manetisa" {rC+}
  2842 | D:3      | You pick up a book of Dreams and begin reading...
  2842 | D:3      | You add the spells Ensorcelled Hibernation, Spider Form and
                  | Anguish to your library.
  2866 | D:3      | HP: 6/27 [adder (1)]
  2870 | D:3      | HP: 2/27 [poisoned by an adder]
  3589 | D:3      | Reached XP level 5. HP: 19/31 MP: 8/8
  3939 | D:4      | Learned a level 4 spell: Olgreb's Toxic Radiance
  3960 | D:4      | Reached skill level 6 in Poison Magic
  4069 | D:4      | You pick up a book of Displacement and begin reading...
  4069 | D:4      | You add the spells Lesser Beckoning, Gell's Gravitas and
                  | Teleport Other to your library.
  4089 | D:4      | HP: 7/31 [iguana (13)]
  4090 | D:4      | Slain by an iguana

Vanquished Creatures
  An iguana (D:4)
  4 gnolls (D:4)
  3 adders
  2 worms
  2 dart slugs (D:2)
  4 orcs (D:3)
  9 ball pythons
  7 bats
  A bat skeleton (D:2)
  5 endoplasms
  5 giant cockroaches
  4 goblins
  4 hobgoblins
  9 jackals
  4 quokkas
  A ball python skeleton (D:2)
  9 frilled lizards
  4 kobolds
  A quokka skeleton (D:2)
  7 rats
86 creatures vanquished.

Table legend:
 A = Non-vault XP
 B = Vault XP
 C = Vault XP percentage of total XP
 D = Non-vault monster count
 E = Vault monster count
 F = Vault count percentage of total count
                 A         B        C        D         E       F
            +---------+---------+-------+---------+---------+-------
      Total |     264 |      12 |   4.3 |      80 |       6 |   7.0
            +---------+---------+-------+---------+---------+-------
        D:1 |      37 |       0 |   0.0 |      22 |       0 |   0.0
        D:2 |      64 |      12 |  15.8 |      31 |       6 |  16.2
        D:3 |      58 |       0 |   0.0 |      16 |       0 |   0.0
        D:4 |     105 |       0 |   0.0 |      11 |       0 |   0.0
            +---------+---------+-------+---------+---------+-------

Illustrated notes

Table legend:
 A = Kills in this place as a percentage of kills in entire the game.
 B = Kills by you in this place as a percentage of kills by you in the entire game.
 C = Kills by friends in this place as a percentage of kills by friends in the entire game.
 D = Other kills in this place as a percentage of other kills in the entire game.
 E = Experience gained in this place as a percentage of experience gained in the entire game.
 F = Experience gained in this place divided by the number of levels of this place that you have seen.
                   A       B       C       D       E      F
               +-------+-------+-------+-------+-------+----------------------
         Total | 100.0 | 100.0 |   N/A |   N/A | 100.0 |  69.0
       Dungeon | 100.0 | 100.0 |   N/A |   N/A | 100.0 |  69.0
               +-------+-------+-------+-------+-------+----------------------

Table legend: (Time is in decaauts)
 A = Elapsed time spent in this place.
 B = Non-inter-level travel time spent in this place.
 C = Inter-level travel time spent in this place.
 D = Time resting spent in this place.
 E = Time spent auto-exploring this place.
 F = Levels seen in this place.
 G = Mean time per level.
                   A        B        C        D        E       F      G
               +--------+--------+--------+--------+--------+-----+--------+
         Total |   4088 |   4011 |     77 |   1043 |   2417 |   4 | 1022.0 |
       Dungeon |   4088 |   4011 |     77 |   1043 |   2417 |   4 | 1022.0 |
               +--------+--------+--------+--------+--------+-----+--------+

Top non-repeatable levels by time:
     D:2: 1670 daAuts
     D:3: 1161 daAuts
     D:1: 933 daAuts
     D:4: 322 daAuts
